 Dungeon Crawl Stone Soup version 0.29.1-13-g9f3cf754e1 (webtiles) character file.

Game seed: 12183529701072954926

37 shadowmeld the Insei (level 3, -2/40 HPs)
             Began as a Djinni Transmuter on Jan 30, 2023.
             Slain by Sigmund
             ... wielding a +0 scythe
              (9 damage)
             ... on level 2 of the Dungeon.
             The game lasted 00:07:09 (1832 turns).

shadowmeld the Insei (Djinni Transmuter)            Turns: 1832, Time: 00:07:10

Health: -2/40      AC: 21    Str:  9    XL:     3   Next: 62%
Gold:   47         EV:  2    Int: 16    God:
                   SH:  0    Dex: 13

rFire   + . .      SeeInvis .     - Unarmed
rCold   + . .      Faith    .   (no shield)
rNeg    . . .      Spirit   .   (body armour currently unavailable)
rPois   ∞          Reflect  .   (helmet currently unavailable)
rElec   +          Harm     .   (cloak currently unavailable)
rCorr   +          Rampage  .   (gloves currently unavailable)
Will    .....      NoTele   +   (boots unavailable)
Stlth   +.........              (no amulet)
HPRegen 0.13/turn               (no ring)
MPRegen 0.00/turn               (no ring)

@: tree-form, resistant
A: stationary, stasis, torment immunity, boosted hp, sickness immunity, (fire
resistance 2), (cold vulnerability 1), float, innate caster, HP casting, extra
vitality 1
a: no special abilities


You were on level 2 of the Dungeon.
You were a tree.
You visited 1 branch of the dungeon, and saw 2 of its levels.

You collected 47 gold pieces.

Inventory:

Missiles
 f - 2 poisoned darts
Armour
 a - a +0 robe (melded)
Scrolls
 e - 3 scrolls of identify
Potions
 g - a potion of brilliance


   Skills:
 * Level 1.5 Fighting
 * Level 3.0 Dodging
 - Level 3.0 Unarmed Combat
 * Level 2.2 Spellcasting


You couldn't memorise any spells.
You knew the following spells:

 Your Spells              Type           Power      Damage    Failure   Level
a - Beastly Appendage     Tmut           16%        N/A       9%          1
b - Wereblood             Tmut           8%         N/A       12%         2
c - Spider Form           Tmut/Pois      8%         N/A       24%         3
d - Ice Form              Ice/Tmut       8%         N/A       63%         4
e - Magic Dart            Conj           32%        1d4       9%          1
Your spell library was empty.

Dungeon Overview and Level Annotations

Branches:
Dungeon (2/15)

Altars:

Shops:
D:1 [

Annotations:
D:2 Sigmund


Innate Abilities, Weirdness & Mutations

You are a tree.
Your roots penetrate the ground, keeping you stationary.
You cannot be teleported.
You are immune to unholy pain and torment.
Your maximum health is greatly increased.
Your equipment is partially melded.
You are immune to sickness and miasma.
You are immune to poison.
((Your flesh is very heat resistant. (rF++)))
((You are vulnerable to cold. (rC-)))
You float through the air rather than walking.
You learn spells naturally, not from books.
Your magical power is your life essence.
You have superior vitality. (+4 MHP)


Message History

Sigmund casts a spell.
Sigmund flickers and vanishes!
Deactivating autopickup; reactivate with Ctrl-A.
You are constricted.
The grasping roots release their grip on you.
You feel better. The adder bites you but does no damage.
You hear a zap.
The roots erupt in riotous growth!
The adder is unaffected.
The grasping roots grab you!
You are constricted.
You closely miss the adder.
The adder is almost dead.
The adder bites you but does no damage. Something hits you but does no damage.
You are constricted.
* * * LOW HITPOINT WARNING * * *
You smack the adder!
You kill the adder!
Your Dodging skill increases to level 3!
You feel protected. Something hits you but does no damage.
You are constricted.
* * * LOW HITPOINT WARNING * * *
The grasping roots release their grip on you.
Casting: Beastly Appendage (safe; 9% risk of failure)
Confirm with . or Enter, or press ? or * to list all spells.
You can't see any susceptible monsters within range! (Use Z to cast anyway.)
You are a level 3 Djinni Transmuter.
You are 62% of the way to level 4.
Play time: 00:06:45 (1832 turns).
Zot will find you in 10173 turns if you stay in this branch and explore no new floors.
Unknown command.
Casting: Beastly Appendage (safe; 9% risk of failure)
Confirm with . or Enter, or press ? or * to list all spells.
You can't see any susceptible monsters within range! (Use Z to cast anyway.)
Casting: Beastly Appendage (safe; 9% risk of failure)
Confirm with . or Enter, or press ? or * to list all spells.
Aiming: Magic Dart (safe; 9% risk of failure)
Press: ? - help, Shift-Dir - straight line The magic dart hits something.
* * * LOW HITPOINT WARNING * * *
Something hits you!
You die...

############
#.†♣.......#
#{########<#
#.# #.# #)#
#.#
.........#
#.#
######...#
#.# ....#
#.# ##.#.#
#.# #. @#
#.#


There were no monsters in sight!

Vanquished Creatures
  An adder (D:2)
  A dart slug (D:1)
  2 endoplasms (D:1)
  A giant cockroach (D:1)
  3 goblins
  3 jackals (D:1)
  2 ball pythons (D:1)
  5 bats (D:1)
  4 frilled lizards (D:1)
  2 kobolds (D:1)
  2 rats (D:1)
26 creatures vanquished.

Notes
Turn   | Place    | Note
-------+----------+-------------------------------------------
     0 | D:1      | shadowmeld the Djinni Transmuter began the quest for the
                  | Orb.
     0 | D:1      | shadowmeld set off with the following spells memorised:
                  | Beastly Appendage, Wereblood, Spider Form, Ice Form.
     0 | D:1      | Reached XP level 1. HP: 17/17 MP: 0/0
   339 | D:1      | Reached XP level 2. HP: 11/22 MP: 0/0
   868 | D:1      | Found a faded altar of an unknown god.
   944 | D:1      | Reached XP level 3. HP: 21/27 MP: 0/0
   944 | D:1      | Learned a level 1 spell: Magic Dart
  1581 | D:1      | Found Jahokhlok's Antique Armour Boutique.
  1811 | D:2      | Noticed Sigmund
  1832 | D:2      | Slain by Sigmund

Illustrated notes

Levels and vault maps discovered:
D:1:      lemuel_arrival_funnel, layout_basic, serial_shops, shop,
          hellmonk_ecumenical_altar_zigzags
D:2:      layout_loops_ring, basic_altar, uniq_sigmund

Skill      XL: |  1  2  3 |
---------------+----------+-----
Spellcasting   | 2 |  2.2
Dodging        | 3 |  3.0
Fighting       | |  1.5
Unarmed Combat | |  3.0

Action                   || total
-------------------------++-------
Melee: Unarmed           ||    95
       Headbutt          ||    14
       Punch             ||     2
 Cast: Beastly Appendage ||    19
       Magic Dart        ||     1
  Use: Scroll            ||     3
       Potion            ||     3
Armor: Robe              ||    34
       Skin              ||    10
Dodge: Dodged            ||    73
